[Event "Late-Titled-Tuesday-Blitz-June-18-2024"]
[Site "Chess.com"]
[Date "2024.06.18"]
[Round "8"]
[White "bob1263"]
[Black "WildTricks"]
[Result "1-0"]
[WhiteElo "2531"]
[BlackElo "2693"]
[TimeControl "180+1"]
[EndTime "15:27:44 PDT"]
[Termination "bob1263 won by resignation"]

1. d4 Nf6 2. c4 e6 3. Nc3 d5 4.
cxd5 exd5 5. Bg5 c6 6. e3 h6 7. Bh4 Be7 8. Bd3 a5 9. Qc2 Na6 10. a3 Nc7 11. Nf3 Ne6 12. O-O Ng5 13.
Nxg5 hxg5 14. Bxg5 Ng4 15. Bf4 g5 16. Bg3 Bd6 17.
h3 Nf6 18. Bxd6 Qxd6 19. f3 Bxh3 20. gxh3 Rxh3 21. Rf2 O-O-O 22. Bf5+ Kc7 23. Nb5+ 1-0

[Event "Late-Titled-Tuesday-Blitz-June-18-2024"]
[Site "Chess.com"]
[Date "2024.06.18"]
[Round "8"]
[White "dropstoneDP"]
[Black "Losingexperience"]
[Result "1-0"]
[WhiteElo "2972"]
[BlackElo "2742"]
[TimeControl "180+1"]
[EndTime "15:27:54 PDT"]
[Termination "dropstoneDP won on time"]

1. e4 c5 2. Nf3 d6 3. d4 cxd4 4. Nxd4 Nf6 5. Nc3 Nc6 6. Bg5 e6 7. Qd2 a6 8. O-O-O Bd7 9. f3 Nxd4 10. Qxd4 Be7 11. Kb1 Qc7 12. h4 h6 13. Be3 h5 14. Ne2 b5 15. Qd2 a5 16. Nd4 Qb7 17.
Bg5 b4 18. Bd3 a4 19. Rhe1 a3 20. b3 O-O 21. g4 hxg4 22. h5 Rfc8 23. h6 g6 24. h7+ Kg7 25. fxg4 Ra5 26. Rf1 Rxg5 27. Qxg5 Nd5 28. Qd2 Nc3+ 29. Ka1 Nxd1 30. Qf4 f6 31. g5 Rf8 32. gxf6+ Bxf6 33. e5 dxe5 34. h8=Q+ 1-0

[Event "Late-Titled-Tuesday-Blitz-June-18-2024"]
[Site "Chess.com"]
[Date "2024.06.18"]
[Round "8"]
[White "arctic_t00"]
[Black "KarlEmilElmer"]
[Result "1-0"]
[WhiteElo "2699"]
[BlackElo "2292"]
[TimeControl "180+1"]
[EndTime "15:27:56 PDT"]
[Termination "arctic_t00 won by checkmate"]

1. Nf3 d5 2. g3 Nf6 3. Bg2 Bf5 4. O-O e6 5. c4 c6 6. Qb3 Qc8 7.
d3 Nbd7 8. cxd5 exd5 9. Nc3 Bc5 10. e4 dxe4 11. dxe4 Be6 12. Qc2 O-O 13. h3 h6 14. a3 Bd6 15. Rd1 Qc7 16. Be3 Ne5 17. Nxe5 Bxe5 18. f4 Bxc3 19. Qxc3 Rfd8 20. Bd4 Nh5 21.
Kh2 b6 22. Bf3 c5 23. Bxh5 Qe7 24. Bxg7 Qc7 25. Bxh6 f5 26. Qf6 Bf7 27. Qg7# 1-0

[Event "Late-Titled-Tuesday-Blitz-June-18-2024"]
[Site "Chess.com"]
[Date "2024.06.18"]
[Round "8"]
[White "NailBashirli"]
[Black "ChessWarrior7197"]
[Result "0-1"]
[WhiteElo "2750"]
[BlackElo "3152"]
[TimeControl "180+1"]
[EndTime "15:27:59 PDT"]
[Termination "ChessWarrior7197 won on time"]

1. e4 c5 2. Nf3 d6 3. Nc3 g6 4. d4 cxd4 5. Nxd4 Bg7 6. Be3 Nf6 7. Qd2 Ng4 8. Bb5+ Bd7 9. Bc4 Nxe3 10. Qxe3 Nc6 11.
Nxc6 bxc6 12. O-O-O Qb6 13. Qd3 O-O 14. f4 a5 15. a4 Rab8 16. Bb3 Be6 17. Bxe6 Qxb2+ 18. Kd2 fxe6 19. g3 Rb4 20. Ne2 Qa2 21. Ke3 Qxa4 22. c3 Rb3 23. Ra1 Ra3 24. Rxa3 Qxa3 25. Qc4 Kh8 26. Rb1 e5 27. Rb7 exf4+ 28. gxf4 e5 29.
Qe6 exf4+ 30. Kd3 Qc5 0-1

[Event "Late-Titled-Tuesday-Blitz-June-18-2024"]
[Site "Chess.com"]
[Date "2024.06.18"]
[Round "8"]
[White "szachmistrz2500"]
[Black "insatiable27"]
[Result "0-1"]
[WhiteElo "2485"]
[BlackElo "2371"]
[TimeControl "180+1"]
[EndTime "15:28:00 PDT"]
[Termination "insatiable27 won by checkmate"]

1. e4 e5 2. Nf3 Nc6 3. Bb5 Bc5 4. O-O d6 5. c3 a6 6. Bxc6+ bxc6 7. d4 exd4 8. cxd4 Ba7 9. h3 Ne7 10. Nc3 O-O 11.
Re1 Ng6 12. Bg5 f6 13. Qb3+ Kh8 14. Be3 f5 15. e5 f4 16. Bd2 dxe5 17. dxe5 Nh4 18.
Ne4 Bf5 19. Rad1 Rb8 20. Qa3 Bxe4 21. Rxe4 Qd5 22. Rb4 Rxb4 23. Qxb4 Nxf3+ 24. gxf3 Rf5 25. Qe4 Rg5+ 26. Kh1 Qe6 27. Kh2 Rh5 28. Bxf4 Qxh3+ 29. Kg1 Qh1# 0-1

[Event "Late-Titled-Tuesday-Blitz-June-18-2024"]
[Site "Chess.com"]
[Date "2024.06.18"]
[Round "8"]
[White "Oleg_Papayan"]
[Black "EliteChess0967"]
[Result "1-0"]
[WhiteElo "2518"]
[BlackElo "2385"]
[TimeControl "180+1"]
[EndTime "15:28:00 PDT"]
[Termination "Oleg_Papayan won by resignation"]

1. d4 d5 2. Nc3 e6 3. Bf4 Nf6 4. Nb5 Na6 5. e3 Be7 6. Nf3 O-O 7. a4 c6 8. Nc3 Nb8 9. Bd3 c5 10. dxc5 Bxc5 11. O-O Nc6 12. e4 d4 13. Ne2 Nh5 14. e5 Qc7 15. Re1 b6 16. Bg3 Bb7 17.
Nf4 Nxf4 18. Bxf4 h6 19. Qd2 Qe7 20. Bxh6 gxh6 21. Qxh6 f5 22. exf6 Rxf6 23. Bh7+ Qxh7 24. Qxf6 Qf7 25. Qg5+ Kf8 26. Qh6+ Ke7 27. Ng5 1-0

[Event "Late-Titled-Tuesday-Blitz-June-18-2024"]
[Site "Chess.com"]
[Date "2024.06.18"]
[Round "8"]
[White "katharinareinecke"]
[Black "aranibos"]
[Result "0-1"]
[WhiteElo "2045"]
[BlackElo "2260"]
[TimeControl "180+1"]
[EndTime "15:28:08 PDT"]
[Termination "aranibos won by resignation"]

1. d4 d5 2. c4 c6 3. Nf3 Nf6 4. g3 e6 5. Bg2 Nbd7 6. O-O dxc4 7. Ne5 Nxe5 8. dxe5 Qxd1 9. Rxd1 Ng4 10. Bf4 Bc5 11.
e3 Bd7 12. h3 Nh6 13. Bxh6 gxh6 14. Nc3 O-O-O 15. Ne4 Be7 16. Nd6+ Bxd6 17. Rxd6 Be8 18. Rad1 Rxd6 19. Rxd6 Kc7 20. f4 Bd7 21. Rd4 b5 22.
Be4 a5 23. Kf2 a4 24. a3 Rd8 25. Bxh7 Be8 26. g4 c5 27. Rxd8 Kxd8 28. h4 b4 29. Ke2 c3 30. bxc3 bxa3 31. Bb1 Bb5+ 32. Kd2 Bc4 33. h5 Ke7 34. g5 hxg5 35. fxg5 Kf8 36. h6 a2 37. h7 Kg7 38. Bxa2 Bxa2 39. Kc2 Kxh7 40. Kb2 Bb3 41. Ka3 Kg6 0-1

[Event "Late-Titled-Tuesday-Blitz-June-18-2024"]
[Site "Chess.com"]
[Date "2024.06.18"]
[Round "8"]
[White "farzadbfd"]
[Black "legendisback1"]
[Result "0-1"]
[WhiteElo "2701"]
[BlackElo "2999"]
[TimeControl "180+1"]
[EndTime "15:28:09 PDT"]
[Termination "legendisback1 won on time"]

1. e4 a6 2. Nc3 e6 3. g3 b5 4. Bg2 Bb7 5. Nge2 b4 6. Nb1 Nf6 7. d3 d5 8. e5 Nfd7 9. f4 c5 10.
O-O Nc6 11. Be3 Be7 12. d4 O-O 13. Nd2 a5 14. Nb3 a4 15. Nxc5 Nxc5 16. dxc5 a3 17. b3 Qa5 18. Qd2 Bxc5 19. Rfc1 Ba6 20. Nd4 Rac8 21.
Nf3 Ne7 22. Bf1 Nf5 23. Bxc5 Qxc5+ 24. Qf2 Bxf1 25. Rxf1 Qxc2 26. Qxc2 Rxc2 27. Rf2 Rfc8 28. Ne1 Rc1 29. Rxc1 Rxc1 30. Rc2 Rxe1+ 31. Kf2 Rf1+ 0-1

[Event "Late-Titled-Tuesday-Blitz-June-18-2024"]
[Site "Chess.com"]
[Date "2024.06.18"]
[Round "8"]
[White "Sanyura"]
[Black "JanistanTV"]
[Result "1-0"]
[WhiteElo "2543"]
[BlackElo "2740"]
[TimeControl "180+1"]
[EndTime "15:28:11 PDT"]
[Termination "Sanyura won by resignation"]

1. e4 e5 2. Nf3 Nc6 3. Bb5 a6 4. Ba4 Nf6 5. O-O Bc5 6. c3 b5 7. Bb3 d6 8. d4 Ba7 9. a4 b4 10.
Bg5 h6 11. Bxf6 Qxf6 12. Bd5 Bd7 13. cxb4 Rb8 14. b5 Nxd4 15. Nxd4 Bxd4 16. bxa6 Rxb2 17. Nd2 O-O 18. Rc1 Bxa4 19. Qxa4 Rxd2 20. a7 Rxf2 21.
Qxd4 Rxg2+ 22. Kxg2 Qg5+ 23. Kh1 exd4 24. Rxc7 Kh8 25. Rcxf7 1-0

[Event "Late-Titled-Tuesday-Blitz-June-18-2024"]
[Site "Chess.com"]
[Date "2024.06.18"]
[Round "8"]
[White "Viktor_Poddubnyi"]
[Black "campochess"]
[Result "1-0"]
[WhiteElo "2341"]
[BlackElo "2188"]
[TimeControl "180+1"]
[EndTime "15:28:12 PDT"]
[Termination "Viktor_Poddubnyi won by resignation"]

1. e4 c5 2. Nf3 Nc6 3. d4 cxd4 4. Nxd4 e5 5. Nb5 a6 6. Nd6+ Bxd6 7. Qxd6 Qe7 8. Qd1 Nf6 9. Nc3 d6 10. Bc4 Be6 11. Bb3 Rd8 12. Bg5 h6 13. Bxf6 Qxf6 14. O-O O-O 15. Nd5 Bxd5 16. Bxd5 Rd7 17. Qe2 Rfd8 18.
Bxc6 bxc6 19. Qxa6 d5 20. exd5 Rxd5 21. a4 e4 22. a5 Qg6 23. Qc4 Rg5 24. g3 Rd2 25. a6 e3 26. a7 exf2+ 27. Kh1 Rxc2 28. a8=Q+ Kh7 29. Qf4 Rf5 30. Qe4 Rxb2 31. Qaxc6 f6 32. Qce6 Re5 33. Qxg6+ Kxg6 34. Qg4+ Kh7 35. Qd4 Rbe2 36.
Rxf2 1-0

[Event "Late-Titled-Tuesday-Blitz-June-18-2024"]
[Site "Chess.com"]
[Date "2024.06.18"]
[Round "8"]
[White "AldokhinIvan"]
[Black "SchmakAttack"]
[Result "0-1"]
[WhiteElo "2660"]
[BlackElo "2831"]
[TimeControl "180+1"]
[EndTime "15:28:13 PDT"]
[Termination "SchmakAttack won on time"]

1. e4 d5 2. exd5 Qxd5 3. Nc3 Qd6 4. Nf3 Nf6 5. d4 g6 6. g3 Bg4 7. Bg2 Nc6 8. Bf4 Qe6+ 9. Be3 O-O-O 10. h3 Bxf3 11.
Qxf3 Rxd4 12. Nb5 Rb4 13. Nc3 Bh6 14. O-O-O Bxe3+ 15. fxe3 Ne5 16. Qe2 Qb6 17. b3 Qa5 18. Rd4 Rxd4 19. exd4 Qxc3 20. Qxe5 Rd8 21. Kb1 Qd2 22. Bf3 Qf2 23. Bg4+ e6 24. Qf4 Qxf4 25. gxf4 Rxd4 0-1

[Event "Late-Titled-Tuesday-Blitz-June-18-2024"]
[Site "Chess.com"]
[Date "2024.06.18"]
[Round "8"]
[White "bazar-wokzal"]
[Black "safikiet"]
[Result "1-0"]
[WhiteElo "2602"]
[BlackElo "2459"]
[TimeControl "180+1"]
[EndTime "15:28:20 PDT"]
[Termination "bazar-wokzal won by resignation"]

1. e4 e5 2. Bc4 Nf6 3. d3 c6 4. Nf3 d5 5. Bb3 Bd6 6. Nc3 Be6 7. Bg5 dxe4 8. Nxe4 Bxb3 9. Bxf6 gxf6 10. Nxd6+ Qxd6 11. axb3 Qb4+ 12. c3 Qb6 13. O-O Nd7 14. Nh4 O-O-O 15. b4 c5 16. bxc5 Nxc5 17. d4 exd4 18. cxd4 Nb3 19. Qg4+ Kb8 20. Rad1 Nxd4 21. Kh1 Rhg8 22. Qf4+ Ka8 23. Rd3 Ne6 24. Rxd8+ Qxd8 25. Qe4 Qd4 26.
Qxh7 Rd8 27. h3 Ng5 28. Qh6 Qxb2 29. Nf5 Qb5 30. Ne3 Ne4 31. Qf4 Qe5 32. Qh4 f5 33.
Qxd8+ 1-0

[Event "Late-Titled-Tuesday-Blitz-June-18-2024"]
[Site "Chess.com"]
[Date "2024.06.18"]
[Round "8"]
[White "sergiochess83"]
[Black "azikom"]
[Result "0-1"]
[WhiteElo "2850"]
[BlackElo "2707"]
[TimeControl "180+1"]
[EndTime "15:28:22 PDT"]
[Termination "azikom won on time"]

1. e4 c6 2. d4 d5 3. Nc3 dxe4 4. Nxe4 Bf5 5. Ng3 Bg6 6. h4 h6 7. Bd3 Bxd3 8. Qxd3 e6 9. N1e2 Nf6 10. Bd2 c5 11.
O-O-O Nc6 12. Qb5 Qb6 13. Qa4 cxd4 14. Nf4 O-O-O 15. Rhe1 Kb8 16. Nd3 Rc8 17. Ne4 Be7 18. Bf4+ Ka8 19. Nd6 Bxd6 20. Bxd6 Rhd8 21. Bc5 Qc7 22.
Ne5 b5 23. Qa6 Nb4 24. Qxb5 Qxc5 25. Qxc5 Rxc5 26. c3 Nc6 27. Nxf7 Rb8 28. Rxe6 dxc3 29. b3 Nb4 30. a3 c2 0-1

[Event "Late-Titled-Tuesday-Blitz-June-18-2024"]
[Site "Chess.com"]
[Date "2024.06.18"]
[Round "8"]
[White "ansko1999"]
[Black "CFalcons8"]
[Result "1-0"]
[WhiteElo "2604"]
[BlackElo "2439"]
[TimeControl "180+1"]
[EndTime "15:28:22 PDT"]
[Termination "ansko1999 won on time"]

1. b3 e5 2. Bb2 d6 3. Nf3 Nf6 4. d3 h6 5. Nbd2 Be7 6. e4 Be6 7. Be2 Nbd7 8. d4 exd4 9. Nxd4 Nf8 10. Nxe6 Nxe6 11. O-O Qd7 12. f4 O-O-O 13. Bd3 Rhg8 14. a4 d5 15. e5 Ne8 16. f5 Nc5 17. f6 gxf6 18.
exf6 Bd6 19. Bf5 Ne6 20. Nf3 c6 21. Ne5 Bxe5 22. Bxe5 Nd6 23. Bh3 Rg5 24. Bf4 Rg6 25.
Qd2 Ne4 26. Qe3 c5 27. Bxh6 Rh8 28. Bg7 d4 29. Qd3 Kb8 30. Bxh8 Qd5 31. Rf5 Qc6 32. Re1 1-0

[Event "Late-Titled-Tuesday-Blitz-June-18-2024"]
[Site "Chess.com"]
[Date "2024.06.18"]
[Round "8"]
[White "lluiss"]
[Black "jup1978"]
[Result "0-1"]
[WhiteElo "2259"]
[BlackElo "2439"]
[TimeControl "180+1"]
[EndTime "15:28:22 PDT"]
[Termination "jup1978 won on time"]

1. Nf3 d5 2. d4 e6 3. c4 Nf6 4.
cxd5 exd5 5. Nc3 a6 6. Bg5 Be6 7. e3 Bd6 8. Bd3 Nbd7 9. Qc2 h6 10. Bh4 Qe7 11. O-O O-O-O 12. b4 g5 13. Bg3 h5 14. b5 a5 15. b6 Nxb6 16. Nb5 Bxg3 17. fxg3 c6 18. Na7+ Kb8 19. Nxc6+ bxc6 20. Qxc6 Qb7 21.
Qc2 Rc8 22. Qe2 Ka7 23. Rfb1 Qc6 24. Rb5 Nc4 25. Rab1 Qa6 26. Ne5 Rb8 27. Nxc4 Rxb5 28. Rxb5 Qxb5 29. Ne5 Qb6 30. h3 g4 31. h4 Rc8 32.
Qd2 Qb4 33. Qf2 Ne4 34. Bxe4 dxe4 35. Qf6 Rc7 36. Qd8 Qb8 37. Qf6 Qb1+ 38. Kh2 Qxa2 39. Qd8 Kb7 40. Qd6 Qd5 0-1

[Event "Late-Titled-Tuesday-Blitz-June-18-2024"]
[Site "Chess.com"]
[Date "2024.06.18"]
[Round "8"]
[White "Goryachkina"]
[Black "ChristopherYoo"]
[Result "0-1"]
[WhiteElo "2673"]
[BlackElo "2986"]
[TimeControl "180+1"]
[EndTime "15:28:26 PDT"]
[Termination "ChristopherYoo won by resignation"]

1. e4 c5 2. Nf3 Nc6 3. Bb5 e5 4. O-O Bd6 5. d3 a6 6. Bc4 b5 7.
Bb3 Nf6 8. a3 h6 9. Nc3 Bc7 10.
Nd5 d6 11. Nxf6+ Qxf6 12. Bd5 Bd7 13. h3 O-O 14. Be3 Rab8 15. Nh2 Ne7 16. Ba2 Qg6 17. Kh1 Kh7 18. b4 cxb4 19. axb4 f5 20. f3 Bb6 21.
Qd2 Rfc8 22. Bb3 Bxe3 23. Qxe3 Be6 24. Rxa6 Bxb3 25. cxb3 Rc2 26. Rg1 Nc6 27. exf5 Qxf5 28.
Qe4 Qxe4 29. dxe4 h5 30. Rd1 Nd4 31. Rxd6 Ra8 32. Rd5 Raa2 33. Rxe5 Rxg2 34. Nf1 Nxf3 35. Rxh5+ Kg6 0-1

[Event "Late-Titled-Tuesday-Blitz-June-18-2024"]
[Site "Chess.com"]
[Date "2024.06.18"]
[Round "8"]
[White "Flawless_Fighter"]
[Black "newyorkmouse"]
[Result "1-0"]
[WhiteElo "2793"]
[BlackElo "2602"]
[TimeControl "180+1"]
[EndTime "15:28:26 PDT"]
[Termination "Flawless_Fighter won on time"]

1. e4 c6 2. d4 d5 3. exd5 cxd5 4. Bd3 Nc6 5. c3 Qc7 6. Ne2 Bg4 7. O-O e6 8. Qe1 Nf6 9. Bf4 Qb6 10. Nd2 Be7 11. Rb1 O-O 12. Ng3 Rac8 13. h3 Bh5 14. Nxh5 Nxh5 15.
Bh2 Na5 16. Qe3 Bd6 17. f4 Qc7 18. Kh1 Nc6 19. Rbe1 Ne7 20. g4 Nf6 21. Nf3 a6 22.
Ne5 b5 23. a3 Nd7 24. f5 Nxe5 25. dxe5 Bc5 26. Qf3 d4 27. f6 Ng6 28. fxg7 Kxg7 29.
Qf6+ Kg8 30. Bxg6 hxg6 31. cxd4 Bxd4 32. Bf4 Qb7+ 33. Kh2 Rc2+ 34. Kg3 Bc5 35. Bh6 Qg2+ 36. Kh4 Bf2+ 37. Kg5 1-0

[Event "Late-Titled-Tuesday-Blitz-June-18-2024"]
[Site "Chess.com"]
[Date "2024.06.18"]
[Round "8"]
[White "DenLaz"]
[Black "mishanick"]
[Result "1/2-1/2"]
[WhiteElo "3117"]
[BlackElo "3158"]
[TimeControl "180+1"]
[EndTime "15:28:27 PDT"]
[Termination "Game drawn by repetition"]

1. d4 Nf6 2. c4 e6 3. Nf3 d5 4. g3 Be7 5. Bg2 O-O 6. O-O dxc4 7. Qc2 a6 8. a4 Bd7 9. Qxc4 b5 10. Qc2 Nc6 11. Bd2 bxa4 12. Rxa4 Nd5 13. Ra1 a5 14.
Nc3 Ncb4 15. Qc1 Bc6 16. Ne5 Nxc3 17. bxc3 Bxg2 18. Kxg2 Nc6 19. Nf3 a4 20. Qc2 a3 21.
Rfb1 Qd7 22. Bc1 Ra5 23. e4 Rfa8 24. Ra2 Qc8 25. Bd2 Qa6 26. Ne1 Qc4 27. Qb3 Qxb3 28.
Rxb3 Kf8 29. Nc2 Ra4 30. Ne3 Na5 31. Rb1 Nc4 32. Nxc4 Rxc4 33. Kf1 c5 34. dxc5 Rxe4 35. Be3 Rc4 36. Rb3 Rca4 37. Ke2 Ke8 38. Kd3 h5 39. Rb4 R4a5 40. Kc4 Rc8 41. Rb5 Rxb5 42. Kxb5 Rb8+ 43. Kc4 Ra8 44. Kb3 Rb8+ 45. Kc4 Ra8 46. Kb3 Rb8+ 47.
Kc4 1/2-1/2

[Event "Late-Titled-Tuesday-Blitz-June-18-2024"]
[Site "Chess.com"]
[Date "2024.06.18"]
[Round "8"]
[White "Patolindo"]
[Black "maurovargas01"]
[Result "1-0"]
[WhiteElo "2172"]
[BlackElo "1948"]
[TimeControl "180+1"]
[EndTime "15:28:27 PDT"]
[Termination "Patolindo won by resignation"]

1. d4 c6 2. c4 d5 3. Nf3 e6 4. Nc3 Bb4 5. c5 Nd7 6. a3 Bxc3+ 7. bxc3 Ngf6 8. Bf4 O-O 9. e3 Ne4 10. Qb3 f6 11.
Bd3 Re8 12. Bxe4 dxe4 13. Nd2 f5 14. g4 Kh8 15. gxf5 exf5 16. Rg1 Nf6 17. O-O-O Qd5 18.
c4 Qf7 19. Rg2 g6 20. Rdg1 Be6 21. Qc3 b6 22. Be5 bxc5 23. d5 cxd5 24. Bxf6+ Kg8 25. cxd5 Bxd5 26. h4 Rab8 27. h5 Re6 28. Be5 Qe7 29.
Bxb8 Rb6 30. hxg6 hxg6 31. Rxg6+ Kf8 32. Rg8+ Bxg8 33. Qh8 Qf7 34. Bc7 Rc6 35. Bf4 Rg6 36.
Rxg6 Qxg6 37. Bg3 c4 38. Nxc4 Qc6 39. Bd6+ Kf7 40. Qc3 Kg6 41. Ne5+ Kg5 42. Nxc6 1-0

[Event "Late-Titled-Tuesday-Blitz-June-18-2024"]
[Site "Chess.com"]
[Date "2024.06.18"]
[Round "8"]
[White "maximnovik"]
[Black "RichardShtivelband"]
[Result "1-0"]
[WhiteElo "2565"]
[BlackElo "2387"]
[TimeControl "180+1"]
[EndTime "15:28:28 PDT"]
[Termination "maximnovik won by resignation"]

1. e4 e5 2. Nf3 Nc6 3. Bc4 h6 4. d3 Bc5 5. O-O Qf6 6. c3 Bb6 7. a4 d6 8. b4 a5 9. b5 Nce7 10. Be3 Ng6 11. Nbd2 N8e7 12. Bb3 Bc5 13. d4 Ba7 14. Nc4 b6 15. h3 O-O 16. Nh2 Nf4 17. Ng4 Qg5 18. Qf3 Neg6 19. dxe5 h5 20. g3 Nxh3+ 21. Kh2 Qxg4 22. Qxg4 hxg4 23. exd6 Be6 24.
dxc7 Rac8 25. Nxb6 Bxb3 26. Nxc8 Bxe3 27. fxe3 Rxc8 28. b6 Ne5 29. b7 1-0

[Event "Late-Titled-Tuesday-Blitz-June-18-2024"]
[Site "Chess.com"]
[Date "2024.06.18"]
[Round "8"]
[White "malakismayil"]
[Black "Kavyev_Ruslan"]
[Result "1-0"]
[WhiteElo "2553"]
[BlackElo "2382"]
[TimeControl "180+1"]
[EndTime "15:28:28 PDT"]
[Termination "malakismayil won on time"]

1. e4 c6 2. d4 d5 3. Nc3 dxe4 4. Nxe4 Nf6 5. Nxf6+ exf6 6. c3 Bd6 7. Bd3 Na6 8. Ne2 Nc7 9. Qc2 h5 10. Be3 Kf8 11.
h3 Nd5 12. O-O-O b5 13. g4 a5 14. Kb1 a4 15. a3 Be6 16. Nc1 h4 17. Qd2 g5 18.
Rdf1 Qe7 19. Re1 Kg7 20. Rhf1 Rhb8 21. Bc2 Bxa3 22. Qd3 Rh8 23. f4 Bxb2 24. Kxb2 a3+ 25. Ka1 a2 26. Nb3 Qa3 27. Bc1 Qa7 28. fxg5 fxg5 29. Nc5 b4 30. Nxe6+ Kg8 31. Nxg5 bxc3 32. Nxf7 Qb6 33. Qg6+ Kf8 34. Nd6+ 1-0

[Event "Late-Titled-Tuesday-Blitz-June-18-2024"]
[Site "Chess.com"]
[Date "2024.06.18"]
[Round "8"]
[White "Chopper1905"]
[Black "GoltsevDmitry2000"]
[Result "0-1"]
[WhiteElo "2903"]
[BlackElo "2733"]
[TimeControl "180+1"]
[EndTime "15:28:29 PDT"]
[Termination "GoltsevDmitry2000 won on time"]

1. d4 e6 2. e4 d5 3. Nc3 c5 4. Nf3 Nf6 5. Bb5+ Nc6 6. exd5 exd5 7. O-O Be7 8. dxc5 Bxc5 9. Re1+ Be6 10. Na4 Bd6 11. Nd4 O-O 12. Bg5 Bd7 13. Nc3 h6 14. Bh4 a6 15. Ba4 Bc5 16. Nce2 Nxd4 17. Bxd7 Nxe2+ 18. Qxe2 Qxd7 19. Bxf6 gxf6 20. Qh5 Kg7 21. b4 Bd6 22.
Red1 Rad8 23. Rd4 f5 24. Rad1 Qe6 25. Qh3 Rfe8 26. g3 Be7 27. Qg2 Bf6 0-1

[Event "Late-Titled-Tuesday-Blitz-June-18-2024"]
[Site "Chess.com"]
[Date "2024.06.18"]
[Round "8"]
[White "tgpgoat"]
[Black "Nicolik"]
[Result "0-1"]
[WhiteElo "2509"]
[BlackElo "2636"]
[TimeControl "180+1"]
[EndTime "15:28:29 PDT"]
[Termination "Nicolik won by resignation"]

1. Nf3 d5 2. g3 Nc6 3. Bg2 e5 4. d4 e4 5. Ne5 Nce7 6. h3 h5 7. c4 f6 8. cxd5 fxe5 9. dxe5 Qxd5 10.
Qc2 Bf5 11. Nc3 Qxe5 12. Bf4 Qa5 13. Bxe4 Nf6 14. Bxf5 Qxf5 15. Qb3 O-O-O 16. Nb5 Nc6 17. Nxc7 Bb4+ 18. Kf1 g5 19. Bxg5 Qxg5 20. Ne6 Qd5 21.
Qxd5 Rxd5 22. Kg2 Rd2 23. e3 Ne4 24. Rhf1 Rxb2 25. Nf4 Bd6 26. Nd3 Rd2 27. Rfd1 Rxd1 28. Rxd1 Rd8 29. f4 Bc7 30. Nf2 Nxf2 31. Rxd8+ Kxd8 32. Kxf2 Nb4 33. a4 Na6 34. g4 hxg4 35. hxg4 Nc5 36. g5 Ke7 37. Kf3 Nxa4 38. Kg4 Nc5 39.
f5 Ne4 40. Kh5 Be5 41. Kg6 a5 42. f6+ Nxf6 43. gxf6+ Bxf6 44. Kf5 a4 0-1

[Event "Late-Titled-Tuesday-Blitz-June-18-2024"]
[Site "Chess.com"]
[Date "2024.06.18"]
[Round "8"]
[White "urano56"]
[Black "rdarruda"]
[Result "1/2-1/2"]
[WhiteElo "2417"]
[BlackElo "2565"]
[TimeControl "180+1"]
[EndTime "15:28:30 PDT"]
[Termination "Game drawn by repetition"]

1. d4 Nf6 2. c4 e5 3. dxe5 Ne4 4. Nd2 Nc5 5. Ngf3 Nc6 6. e3 Qe7 7. Be2 Nxe5 8. Nxe5 Qxe5 9. Nf3 Qf6 10. O-O d6 11.
Nd4 Be7 12. b4 Ne6 13. Bb2 Nxd4 14. Bxd4 Qg6 15. Bh5 Qh6 16. c5 O-O 17. Rc1 Be6 18.
a3 c6 19. Bg4 d5 20. Re1 Bxg4 21. Qxg4 f5 22. Qg3 Rf7 23. a4 Bg5 24. Be5 f4 25. exf4 Bxf4 26. Bxf4 Qxf4 27. Rb1 Raf8 28. Qxf4 Rxf4 29.
Re7 R8f7 30. Re8+ Rf8 31. Re7 R4f7 32. Rbe1 Rd8 33. Re8+ Rf8 34. R8e7 Rf7 35. Re8+ Rf8 36. R8e7 Rf7 1/2-1/2

[Event "Late-Titled-Tuesday-Blitz-June-18-2024"]
[Site "Chess.com"]
[Date "2024.06.18"]
[Round "8"]
[White "BillCoe"]
[Black "KorolDimitriy75"]
[Result "1-0"]
[WhiteElo "2112"]
[BlackElo "2441"]
[TimeControl "180+1"]
[EndTime "15:28:30 PDT"]
[Termination "BillCoe won on time"]

1. e4 c5 2. Nf3 d6 3. d4 cxd4 4.
Nxd4 Nf6 5. Nc3 g6 6. f3 Bg7 7. Be3 O-O 8. Qd2 Nc6 9. O-O-O d5 10. Kb1 Nxd4 11. e5 Nxf3 12. gxf3 Nh5 13. Qxd5 Qc7 14. f4 Be6 15. Qc5 Qxc5 16. Bxc5 Nxf4 17. Bxe7 Rfe8 18. Bf6 Nh5 19. Bb5 Rec8 20. Bd7 Bxd7 21. Rxd7 Nxf6 22. exf6 Bxf6 23. Nd5 Bh4 24. Rxb7 Rab8 25. Rxa7 Rc5 26. Ne3 Bf2 27. Nd1 Bd4 28. b3 Rxc2 29. Rxf7 Rd2 30.
Rd7 Ra8 31. a4 Rb8 32. Kc1 Rd3 33. Kc2 Rbxb3 34. Re1 1-0

[Event "Late-Titled-Tuesday-Blitz-June-18-2024"]
[Site "Chess.com"]
[Date "2024.06.18"]
[Round "8"]
[White "Orest_Vovk"]
[Black "nochewycandy"]
[Result "1/2-1/2"]
[WhiteElo "2566"]
[BlackElo "2781"]
[TimeControl "180+1"]
[EndTime "15:28:31 PDT"]
[Termination "Game drawn by repetition"]

1. g4 e5 2. g5 Qxg5 3. d4 Qe7 4. dxe5 Qxe5 5. Nf3 Qa5+ 6. Nc3 c6 7. Rg1 d5 8. Qd4 Nf6 9. Bd2 Nbd7 10. O-O-O Qb6 11.
Qh4 g6 12. e4 Bg7 13. e5 Ne4 14. Nxe4 dxe4 15. Qxe4 Nc5 16. Qb4 O-O 17. Qxb6 axb6 18. a3 Re8 19. Re1 Bf5 20. Nd4 Bd7 21. f4 b5 22. h4 Ne6 23. Nxe6 Bxe6 24. h5 Bf5 25. hxg6 hxg6 26. Bd3 Bxd3 27. cxd3 Rad8 28. Kc2 Rd5 29.
f5 Rdxe5 30. Rxe5 Rxe5 31. fxg6 fxg6 32. Rxg6 Kf7 33. Rxg7+ Kxg7 34. Bc3 Kf6 35. Kb3 Ke6 36. Bxe5 Kxe5 37. Kc3 b6 38. Kc2 Kd5 39. Kd2 Kd4 40. Ke2 Kd5 41. Ke3 Ke5 42. d4+ Kd5 43. Kd3 c5 44. dxc5 bxc5 45. Kc3 Kd6 46. Kd2 Kd5 47. Kd3 Kd6 48. Ke4 Ke6 49. b3 Kd6 50. b4 cxb4 51. axb4 Ke6 52. Kd4 Kd6 53. Ke4 Ke6 54. Kd4 Kd6 55.
Ke4 1/2-1/2

[Event "Late-Titled-Tuesday-Blitz-June-18-2024"]
[Site "Chess.com"]
[Date "2024.06.18"]
[Round "8"]
[White "alexrustemov"]
[Black "Meri-Arabidze"]
[Result "0-1"]
[WhiteElo "2846"]
[BlackElo "2690"]
[TimeControl "180+1"]
[EndTime "15:28:32 PDT"]
[Termination "Meri-Arabidze won by resignation"]

1. d4 Nf6 2. c4 e6 3. Nf3 Bb4+ 4. Bd2 a5 5. g3 O-O 6. Bg2 d5 7. Qc2 b6 8. a3 Bxd2+ 9. Nbxd2 a4 10. O-O c6 11.
Ne5 Bb7 12. Rac1 Nfd7 13. Nd3 Nf6 14. e3 Nbd7 15. Rfd1 Qe7 16. Nf3 Rfc8 17. Nfe5 Nxe5 18. Nxe5 c5 19. cxd5 Bxd5 20. Bxd5 exd5 21. Qf5 g6 22. Qf3 Kg7 23. Nd3 cxd4 24. exd4 Qe4 25. Qxe4 dxe4 26. Nb4 Rxc1 27. Rxc1 Rd8 28. Rd1 Nd5 29. Nxd5 Rxd5 30. Kf1 f5 31. Ke2 Kf6 32. Rd2 Ke6 33. h4 Rb5 34. h5 gxh5 35. Ke3 Rb3+ 36. Kf4 Kf6 0-1

[Event "Late-Titled-Tuesday-Blitz-June-18-2024"]
[Site "Chess.com"]
[Date "2024.06.18"]
[Round "8"]
[White "RZ0"]
[Black "ameetghasi100"]
[Result "0-1"]
[WhiteElo "2552"]
[BlackElo "2749"]
[TimeControl "180+1"]
[EndTime "15:28:32 PDT"]
[Termination "ameetghasi100 won by resignation"]

1. d4 d6 2. e4 g6 3. Nf3 Bg7 4. Bd3 Nf6 5. O-O O-O 6. Re1 Nc6 7. c3 e5 8. h3 a6 9. Na3 Re8 10. Nc2 Nd7 11. a4 b6 12. Bg5 Bf6 13. Qd2 Bb7 14. Bc4 Na5 15. Ba2 exd4 16. Ncxd4 Rxe4 17. Rxe4 Bxe4 18. Bxf6 Nxf6 19. Ng5 Bd5 20. b4 Nc4 21. Qf4 Nh5 22.
Qg4 Ne5 23. Qh4 Bxa2 24. Rxa2 c5 25. f4 h6 26. fxe5 hxg5 27. Qe4 cxd4 28. cxd4 d5 29.
Qf3 Nf4 30. g3 Ne6 31. Rd2 Rc8 32. Kh2 Rc4 33. Qe3 Qe7 34. b5 a5 0-1